 Dungeon Crawl Stone Soup version 0.30-a0-169-g06f667207d (webtiles) character file.

Game seed: 767690325706763314

83 qw the Chopper (level 4, -4/28 HPs)
             Began as a Gargoyle Fighter on Sept 29, 2022.
             Slain by a worm (8 damage)
             ... on level 3 of the Dungeon.
             The game lasted 00:00:45 (2300 turns).

qw the Chopper (Gargoyle Fighter)                   Turns: 2300, Time: 00:00:46

Health: -4/28      AC: 11    Str: 22    XL:     4   Next: 44%
Magic:  4/4        EV:  9    Int:  8    God:
Gold:   140        SH:  4    Dex: 12    Spells: 3/3 levels left

rFire   . . .      SeeInvis .    Y - +0 war axe
rCold   . . .      Faith    .    c - +0 buckler
rNeg    + . .      Spirit   .    b - +0 scale mail
rPois   inf        Reflect  .    (no helmet)
rElec   +          Harm     .    (no cloak)
rCorr   .          Rampage  .    a - +0 pair of gloves {Dex+3}
Will    +....                    (no boots)
Stlth   ..........               (no amulet)
HPRegen 0.09/turn                g - ring of willpower
MPRegen 0.09/turn                (no ring)

@: no status effects
A: sickness immunity, AC +3, negative energy resistance 1, electricity
resistance, torment resistance 1, petrification resistance
a: no special abilities


You were on level 3 of the Dungeon.
You visited 1 branch of the dungeon, and saw 3 of its levels.

You collected 140 gold pieces.


Innate Abilities, Weirdness & Mutations

You are immune to sickness and miasma.
Your stone body is resilient. (AC +3)
You are immune to poison.
You resist negative energy. (rN+)
You are resistant to electric shocks. (rElec)
You are resistant to unholy torment.
You are immune to petrification.


   Skills:
 - Level 3.2 Fighting
 - Level 4.0 Axes
 - Level 3.2 Armour
 + Level 0.6 Dodging
 - Level 3.2 Shields


You had 3 spell levels left.
You didn't know any spells.
Your spell library was empty.

Inventory:

Hand Weapons
 l - a +0 flail
 Y - a +0 war axe (weapon)
Missiles
 f - 4 boomerangs (quivered)
Armour
 a - a +0 pair of gloves of dexterity (worn)
 b - a +0 scale mail (worn)
 c - a +0 buckler (worn)
 m - a +0 chain mail
Jewellery
 g - a ring of willpower (left hand)
Scrolls
 h - a scroll of poison {unknown}
 i - a scroll of identify
Potions
 d - a potion of might
 e - a potion of flight {unknown}
 j - a potion of mutation
 k - a potion of haste

Dungeon Overview and Level Annotations

Branches:
Dungeon (3/15)

Altars:
Gozag

Annotations:
D:3 Grinder


Message History

2289 ||| Stepping ~*~*~tactically~*~*~ (hiding).
You start waiting.
There are monsters nearby!
Grinder gestures at you.
You easily resist.
Grinder zaps a wand.
The puff of flame hits you!
You hit Grinder.
Grinder is lightly wounded.
You barely miss the worm. Grinder gestures at you.
You easily resist.
The worm misses you.
You hit Grinder.
Grinder is moderately wounded.
You hit the worm but do no damage.
Grinder zaps a wand.
The puff of flame hits you!
You hit Grinder.
Grinder is moderately wounded.
You hit the worm.
Grinder blinks!
The worm bites you.
Grinder says, "FISH!"
Grinder hits you but does no damage.
You closely miss Grinder.
Grinder is moderately wounded.
You hit the worm. You block the worm's attack. Grinder barely misses you.
You closely miss Grinder.
Grinder is moderately wounded.
You hit the worm but do no damage. Grinder gestures at you.
You easily resist.
The worm bites you but does no damage.
You hit Grinder.
Grinder is moderately wounded.
You barely miss the worm. Grinder closely misses you.
Grinder hits you but does no damage. The worm bites you.
You slash Grinder!
Grinder is severely wounded.
You hit the worm. Grinder hits you but does no damage. The worm bites you!
You die...

#.. ### #.. (.# #.. #.#
#.. #.# ##.. ####.# #...
#############....####.#.
......5.........%.....#.
......w@####...#...####.
.P.####.# #...#.#....#.
#.####...#.#....##
#........#.#.####.
#..###)#...#.# #.
#...(..#####.####.
##.#####.....#.... #.#
#.###.#.##. ..#
#.#####.##.


You could see Grinder and a worm.

Vanquished Creatures
  3 adders
  2 worms (D:2)
  2 orcs (D:3)
  7 ball pythons
  4 bats
  5 endoplasms
  4 giant cockroaches
  4 goblins
  A hobgoblin (D:3)
  6 kobolds
  A quokka (D:2)
  A frilled lizard (D:2)
  3 rats
43 creatures vanquished.

Notes
Turn   | Place    | Note
-------+----------+-------------------------------------------
     0 | D:1      | qw the Gargoyle Fighter began the quest for the Orb.
     0 | D:1      | Reached XP level 1. HP: 14/14 MP: 1/1
     0 | D:1      | 0 ||| qw: Version: 0.2-a-12-gaebbb33
     0 | D:1      | 0 ||| qw: Game counter: 1335
     0 | D:1      | 0 ||| qw: Always use a shield: true
     0 | D:1      | 0 ||| qw: God list: Okawaru
     0 | D:1      | 0 ||| qw: Allow faded altars: false
     0 | D:1      | 0 ||| qw: Do Orc after D:15 true
     0 | D:1      | 0 ||| qw: Do second Lair branch before Depths: true
     0 | D:1      | 0 ||| qw: Lair rune preference: random
     0 | D:1      | 0 ||| qw: Plans: Normal, Zot:1-4, God:TSO, Crypt, Tomb,
                  | Pan, Slime:5, Hells, Abyss, Orb
     0 | D:1      | 0 ||| PLANNING D:1-11
    99 | D:1      | Reached skill level 2 in Axes
   488 | D:1      | Reached XP level 2. HP: 19/19 MP: 2/2
   902 | D:1      | Found a faded altar of an unknown god.
   964 | D:1      | 964 ||| READING scroll labelled CIT EKUUDALU.
  1054 | D:2      | 1054 ||| Stepping ~*~*~tactically~*~*~ (stealth).
  1183 | D:2      | Reached skill level 3 in Axes
  1222 | D:2      | Reached XP level 3. HP: 23/23 MP: 3/3
  1740 | D:2      | 1740 ||| UPGRADING to +0 pair of gloves of dexterity.
  1745 | D:2      | 1745 ||| UPGRADING to ring of willpower.
  1746 | D:2      | 1746 ||| READING scroll labelled GUGIORRAAPN.
  1747 | D:2      | 1747 ||| READING scroll labelled ECOCETIMER.
  1748 | D:2      | 1748 ||| READING 3 scrolls labelled HOMNOL USSUCE.
  1749 | D:2      | 1749 ||| READING scroll labelled RUSSEE UMOFF.
  1750 | D:2      | 1750 ||| DRINKING 2 clear potions.
  1751 | D:2      | 1751 ||| READING 2 scrolls of identify.
  1751 | D:2      | 1751 ||| IDENTIFYING fuming sapphire potion
  1786 | D:3      | 1786 ||| Stepping ~*~*~tactically~*~*~ (stealth).
  1791 | D:3      | 1791 ||| Stepping ~*~*~tactically~*~*~ (stealth).
  1843 | D:3      | 1843 ||| Stepping ~*~*~tactically~*~*~ (stealth).
  2039 | D:3      | Reached XP level 4. HP: 27/28 MP: 4/4
  2052 | D:3      | 2052 ||| Stepping ~*~*~tactically~*~*~ (stealth).
  2053 | D:3      | 2053 ||| Stepping ~*~*~tactically~*~*~ (stealth).
  2062 | D:3      | Found an opulent altar of Gozag.
  2190 | D:3      | Reached skill level 4 in Axes
  2193 | D:3      | 2193 ||| FLEEEEING.
  2194 | D:3      | 2194 ||| FLEEEEING.
  2195 | D:3      | 2195 ||| FLEEEEING.
  2278 | D:3      | 2278 ||| DROPPING +0 mace.
  2288 | D:3      | Noticed Grinder
  2289 | D:3      | 2289 ||| Stepping ~*~*~tactically~*~*~ (hiding).
  2296 | D:3      | HP: 5/28 [worm (5)]
  2300 | D:3      | Slain by a worm

Levels and vault maps discovered:
D:1:      psy_arrival_spokes, layout_basic, ebering_ecumenical_altar_mist
D:2:      layout_loops_cross
D:3:      layout_basic, yredelemnul_altar_generic, mainiacjoe_overflow_alcove_1,
          nicolae_overflow_crystal_walls, uniq_sigmund, uniq_grinder

Skill      XL: |  1  2  3  4 |
---------------+-------------+-----
Axes           | 2 3 4 |  4.0
Fighting       | |  3.2
Armour         | |  3.2
Dodging        | |  0.6
Shields        | |  3.2

Action                   |  1- 3 |  4- 6 || total
-------------------------+-------+-------++-------
Melee: War axe           |   113 |    21 ||   134
Throw: Boomerang         |       |     2 ||     2
  Use: Scroll            |     6 |       ||     6
       Potion            |     1 |       ||     1
Armor: Scale mail        |    53 |    11 ||    64
Dodge: Dodged            |    38 |     9 ||    47
Block: Buckler           |    17 |     7 ||    24

Table legend:
 A = Non-vault XP
 B = Vault XP
 C = Vault XP percentage of total XP
 D = Non-vault monster count
 E = Vault monster count
 F = Vault count percentage of total count
                 A         B        C        D         E       F
            +---------+---------+-------+---------+---------+-------
      Total |     119 |       0 |   0.0 |      43 |       0 |   0.0
            +---------+---------+-------+---------+---------+-------
        D:1 |      16 |       0 |   0.0 |       9 |       0 |   0.0
        D:2 |      50 |       0 |   0.0 |      19 |       0 |   0.0
        D:3 |      53 |       0 |   0.0 |      15 |       0 |   0.0
            +---------+---------+-------+---------+---------+-------
